 Dungeon Crawl Stone Soup version 0.30-a0-1082-g70414cbcbb (webtiles) character file.

Game seed: 17021869796378686219

68 Zonian the Ruffian (level 4, -6/35 HPs)
             Began as a Human Gladiator on Apr 15, 2023.
             Killed from afar by Ijyb (15 damage)
             ... with a bolt of dispelling energy
             ... on level 3 of the Dungeon.
             The game lasted 00:03:14 (1765 turns).

Zonian the Ruffian (Human Gladiator)                Turns: 1765, Time: 00:03:14

Health: -6/35      AC:  4    Str: 16    XL:     4   Next: 41%
Magic:  4/4        EV: 12    Int:  8    God:
Gold:   105        SH:  0    Dex: 15    Spells: 3/3 levels left

rFire   . . .      SeeInvis .      - Unarmed
rCold   . . .      Faith    .    (no shield)
rNeg    . . .      Spirit   .    a - +0 leather armour
rPois   .          Reflect  .    b - +0 helmet
rElec   .          Rampage  .    (no cloak)
rCorr   .                        (no gloves)
Will    .....                    (no boots)
Stlth   +                        (no amulet)
HPRegen 0.25/turn                (no ring)
MPRegen 0.09/turn                (no ring)

@: no status effects
A: no striking features
a: no special abilities


You were on level 3 of the Dungeon.
You visited 1 branch of the dungeon, and saw 3 of its levels.

You collected 105 gold pieces.

Inventory:

Missiles
 c - a throwing net (quivered)
 d - a javelin
Armour
 a - a +0 leather armour (worn)
 b - a +0 helmet (worn)
Scrolls
 e - 3 scrolls of identify {unknown}
 f - a scroll of poison {unknown}
 g - a scroll of summoning {unknown}
 i - a scroll of amnesia {unknown}
 j - 2 scrolls of teleportation {unknown}
 m - a scroll of silence {unknown}
 o - a scroll of blinking {unknown}
Potions
 h - a potion of cancellation {unknown}
 k - 2 potions of haste {unknown}
 l - a potion of heal wounds {unknown}
 n - 2 potions of attraction {unknown}


   Skills:
 + Level 3.1 Fighting
 - Level 2.2 Throwing
 - Level 3.1 Dodging
 + Level 3.9 Unarmed Combat


You had 3 spell levels left.
You didn't know any spells.
Your spell library contained the following spells:

 Spells                   Type           Power      Damage    Failure   Level
 Slow                     Hex            0%         N/A       47%         1
 Confusing Touch          Hex            0%         N/A       85%         3
 Ozocubu's Armour         Ice            0%         N/A       85%         3
 Vampiric Draining        Necr           0%         2d6       85%         3
 Anguish                  Hex/Necr       0%         N/A       99%         4
 Metabolic Englaciation   Hex/Ice        0%         N/A       100%        5
 Simulacrum               Ice/Necr       0%         N/A       100%        6
 Enfeeble                 Hex            0%         N/A       100%        7


Dungeon Overview and Level Annotations

Branches:
Dungeon (3/15)

Altars:
Xom

Annotations:
D:3 Ijyb


Message History

The net rips apart, and Ijyb comes free!
You hit Ijyb but do no damage.
Ijyb is heavily wounded.
Ijyb hits you with a +0 dagger.
You hit Ijyb but do no damage.
Ijyb is heavily wounded.
Ijyb screams, "I dance on your bones!" Ijyb closely misses you.
You barely miss Ijyb.
Ijyb is heavily wounded.
Ijyb closely misses you.
You closely miss Ijyb.
Ijyb is heavily wounded.
Ijyb zaps a wand.
The bolt of dispelling energy hits you!
You hit Ijyb.
Ijyb is severely wounded.
Ijyb zaps a wand.
The bolt of dispelling energy hits you!
* * * LOW HITPOINT WARNING * * *
Unknown command.
You aren't carrying any items that you can evoke.
Unknown command.
Throw: 2 throwing nets
Press: ? - help, Shift-Dir - straight line, f/p - Ijyb
Aim: Ijyb, wielding a +0 dagger, wearing a +0 chain mail and carrying a wand of quicksilver (10) (severely wounded, 60% to hit)
You throw a throwing net. The throwing net hits Ijyb.
Ijyb is caught in the net!
Ijyb is severely wounded.
Ijyb screams, "Get away!"
Ijyb struggles against the net.
You catch the helpless Ijyb completely off-guard!
You hit Ijyb but do no damage.
Ijyb is severely wounded.
Ijyb struggles against the net.
You hit Ijyb.
Ijyb is severely wounded.
Ijyb struggles against the net.
You hit Ijyb but do no damage.
Ijyb is severely wounded.
Ijyb zaps a wand.
The bolt of dispelling energy hits you!
You die...

#.##.# ......
.....# # #.#..#
#.##.#..##
#>...#...
.##.##.#.####
......g@....######
###.#.####.......#
.......##.......#
#......#.......#
###.#..).......#
#.....#.......#
<.##.............#
.........#.......#
####.###.#########


You could see Ijyb (caught).

Vanquished Creatures
  A worm (D:1)
  3 dart slugs (D:2)
  6 ball pythons
  3 endoplasms (D:1)
  2 giant cockroaches
  7 goblins
  2 hobgoblins
  8 jackals (D:2)
  4 kobolds
  A quokka (D:1)
  9 bats
  2 frilled lizards
  7 rats
55 creatures vanquished.

Notes
Turn   | Place    | Note
-------+----------+-------------------------------------------
     0 | D:1      | Zonian the Human Gladiator began the quest for the Orb.
     0 | D:1      | Reached XP level 1. HP: 16/16 MP: 1/1
   131 | D:1      | Reached XP level 2. HP: 20/22 MP: 2/2
   407 | D:1      | Reached XP level 3. HP: 28/28 MP: 3/3
  1297 | D:2      | Reached XP level 4. HP: 21/34 MP: 4/4
  1425 | D:2      | Found a shimmering altar of Xom.
  1748 | D:3      | Noticed Ijyb
  1765 | D:3      | Killed from afar by Ijyb

Illustrated notes

Levels and vault maps discovered:
D:1:      saegor_arrival_simple_b, layout_basic, st_stairs_8,
          hangedman_abyss_or_decor_lesser_grid
D:2:      layout_rooms, basic_altar
D:3:      layout_loops_cross, st_stairs_10, uniq_jessica, uniq_ijyb

Skill      XL: |  1  2  3  4 |
---------------+-------------+-----
Fighting       | 3 |  3.1
Throwing       | |  2.2
Dodging        | |  3.1
Unarmed Combat | |  3.9

Action                     |  1- 3 |  4- 6 || total
---------------------------+-------+-------++-------
  Melee: Unarmed           |   136 |    74 ||   210
         Punch             |       |     3 ||     3
  Throw: Throwing net      |       |     2 ||     2
   Stab: Sleeping          |     1 |     1 ||     2
         Held in net/web   |       |     2 ||     2
 Armour: Leather armour    |    50 |    20 ||    70
  Dodge: Dodged            |   125 |    41 ||   166

Table legend: (Time is in decaauts)
 A = Elapsed time spent in this place.
 B = Non-inter-level travel time spent in this place.
 C = Inter-level travel time spent in this place.
 D = Time resting spent in this place.
 E = Time spent auto-exploring this place.
 F = Levels seen in this place.
 G = Mean time per level.
                   A        B        C        D        E       F      G
               +--------+--------+--------+--------+--------+-----+--------+
         Total |   1751 |   1700 |     51 |    261 |    965 |   3 |  583.7 |
       Dungeon |   1751 |   1700 |     51 |    261 |    965 |   3 |  583.7 |
               +--------+--------+--------+--------+--------+-----+--------+

Top non-repeatable levels by time:
     D:1: 1064 daAuts
     D:2: 642 daAuts
     D:3: 44 daAuts
